Map: Berlingrad LE

Players

GXTachtZWO

  • Race: Zerg Zerg
  • League: Diamond

Alcopone - Winner!

  • Race: Terran Terran
  • League: Diamond

VOD

Have the link to the VOD?

Description

Time

  • Played on: Jan. 23, 2022, 6:15 p.m.
  • Length: 22:24
Show
View Real Time Build Order
Export as new Build Order

GXTachtZWO Zerg 

Build Orders: Hatch First 

Get SALT Encoding   

  12  0:01  Drone  
  13  0:07  Drone  
  14  0:16  Overlord  
  14  0:34  Drone x3  
  17  0:45  Drone  
  18  0:55  Hatchery  
  17  0:58  Drone  
  18  1:12  Spawning Pool  
  18  1:14  Drone  
  18  1:17  Drone  
  19  1:28  Drone  
  20  1:39  Drone  
  21  1:49  Overlord  
  21  1:57  Extractor  
  21  1:58  Extractor  
  21  1:59  Queen  
  21  2:00  Drone  
  22  2:06  Queen  
  22  2:07  Drone  
  25  2:11  Drone  
  26  2:17  Drone  
  26  2:22  Drone  
  27  2:31  Drone  
  27  2:32  Drone  
  29  2:40  Drone  
  30  2:49  Drone  
  30  2:51  Drone  
  32  2:56  Drone  
  33  3:02  Roach Warren  
  33  3:04  Evolution Chamber  
  31  3:06  Evolution Chamber  
  30  3:17  Drone x6  
  35  3:24  Metabolic Boost  
  35  3:27  Drone  
  36  3:29  Overlord x3  
  36  3:39  Zerg Missile Weapons Level 1  
  36  3:42  Zerg Ground Armor Level 1  
  36  3:52  Drone x2  
  36  3:53  Drone x2  
  40  3:58  Drone  
  40  3:59  Drone x3  
  40  4:02  Extractor  
  43  4:03  Drone  
  43  4:04  Extractor, Drone  
  44  4:11  Roach x2  
  44  4:15  Roach  
  50  4:19  Lair  
  50  4:41  Roach  
  50  4:42  Roach x4  
  60  4:52  Overlord x3  
  60  5:09  Hatchery  
  60  5:10  Queen  
  60  5:11  Overlord  
  60  5:12  Overlord  
  60  5:13  Roach  
  60  5:14  Roach x2  
  67  5:18  Glial Reconstitution  
  67  5:25  Ravager x3  
  70  5:34  Drone  
  72  5:35  Drone  
  72  5:36  Drone x3  
  72  5:38  Roach x2  
  79  5:50  Roach x2  
  79  5:53  Overlord  
  83  6:02  Zergling x8  
  87  6:26  Zergling x2  
  87  6:27  Zergling x14  
  87  6:32  Overlord  
  95  6:33  Queen  
  95  6:39  Hatchery  
  96  6:41  Infestation Pit  
  96  6:42  Zerg Missile Weapons Level 2  
  96  6:43  Zerg Ground Armor Level 2  
  95  6:59  Spore Crawler  
  91  7:03  Spore Crawler  
  74  7:22  Queen x3  
  51  7:44  Drone  
  45  7:55  Drone x3  
  45  7:58  Queen x3  
  42  8:03  Drone x11  
  42  8:04  Drone  
  58  8:22  Spore Crawler  
  58  8:23  Spore Crawler  
  56  8:27  Overseer  
  56  8:30  Spore Crawler  
  56  8:33  Queen  
  53  8:53  Drone x14  
  53  8:54  Drone x5  
  70  9:00  Queen  
  64  9:24  Queen x2  
  64  9:28  Zergling x8  
  72  9:36  Queen  
  72  9:47  Zergling x2  
  72  9:48  Zergling x14  
  80  10:00  Queen  
  78  10:14  Hatchery  
  77  10:28  Hydralisk Den  
  76  10:45  Hatchery  
  75  10:52  Spore Crawler  
  74  11:04  Queen x3  
  74  11:10  Roach x11  
  102  11:19  Grooved Spines  
  102  11:40  Queen x2  
  106  11:58  Overlord x3  
  106  11:59  Hydralisk x6, Overlord  
  118  12:16  Queen  
  112  12:30  Muscular Augments  
  112  12:40  Hydralisk x7  
  112  12:41  Hydralisk x4  
  124  12:53  Queen  
  124  12:56  Drone x6  
  130  13:17  Hydralisk x5  
  130  13:18  Hydralisk  
  142  13:21  Drone x2  
  143  13:39  Hydralisk x5  
  136  13:53  Hydralisk x4  
  140  14:06  Hydralisk x3  
  134  14:18  Zergling x18  
  143  14:24  Baneling Nest  
  140  14:51  Hatchery  
  139  14:53  Hydralisk  
  139  14:55  Overlord x4  
  139  14:56  Overlord  
  141  15:03  Extractor  
  141  15:05  Extractor  
  139  15:16  Baneling x14  
  139  15:17  Baneling x7  
  119  15:47  Hydralisk  
  119  15:48  Hydralisk x6  
  106  16:02  Hydralisk  
  106  16:03  Hydralisk  
  85  16:19  Hydralisk x2  
  60  16:52  Hydralisk  
  42  17:29  Drone x5  
  37  17:56  Hydralisk x5  
  45  18:03  Hydralisk  
  47  18:08  Hydralisk  
  47  18:09  Hydralisk  
  51  18:13  Hydralisk  
  53  18:28  Hydralisk x3  
  59  18:48  Hydralisk x2  
  59  18:50  Hydralisk  
  59  18:51  Hydralisk x2  
  65  19:22  Hydralisk x8  
  71  19:41  Hydralisk x4  
  75  19:46  Hydralisk  
  75  19:51  Drone x2  
  75  19:52  Drone  
  80  19:53  Drone  
  77  20:10  Zergling x16  
  35  20:51  Hydralisk x6  
  43  21:07  Hatchery  
  42  21:17  Extractor  
  42  21:18  Extractor  
  40  21:27  Drone x9  
  49  21:35  Drone x3  
  52  22:02  Zergling x18  
Show
View Real Time Build Order
Export as new Build Order

Alcopone Terran - Winner!

Build Orders: Gas First Reaper Expand 

Get SALT Encoding   

  12  0:00  SCV  
  13  0:15  Supply Depot  
  13  0:22  Refinery  
  13  0:24  SCV  
  14  0:39  Barracks  
  14  0:43  SCV  
  15  0:55  SCV  
  16  1:07  SCV  
  17  1:19  SCV  
  18  1:26  Reaper  
  18  1:31  Orbital Command  
  19  1:47  Command Center  
  19  1:59  Barracks Reactor  
  19  2:07  Factory  
  19  2:11  SCV  
  19  2:14  Supply Depot  
  20  2:21  Refinery  
  20  2:23  SCV  
  21  2:35  SCV  
  21  2:36  Marine x2  
  24  2:47  SCV  
  25  2:56  Starport  
  25  2:59  SCV  
  25  3:01  Bunker  
  25  3:02  Orbital Command  
  26  3:31  Hellion x2  
  30  3:43  Starport Tech Lab  
  30  3:48  SCV  
  30  3:50  Starport, Barracks Tech Lab  
  31  3:56  Supply Depot  
  31  3:59  SCV  
  31  4:00  SCV  
  31  4:02  Banshee  
  36  4:11  Hellion x2  
  36  4:12  SCV x2  
  42  4:17  Supply Depot  
  42  4:24  SCV  
  43  4:41  Banshee  
  43  4:44  Fusion Core  
  46  4:47  Refinery  
  46  4:57  Supply Depot  
  46  5:00  Refinery  
  46  5:03  Command Center  
  46  5:14  Barracks Tech Lab  
  46  5:34  SCV x2  
  48  5:36  Battlecruiser  
  54  5:46  SCV x2  
  56  5:51  Supply Depot  
  56  5:55  Supply Depot  
  56  5:58  SCV x2  
  56  6:03  Battlecruiser  
  64  6:10  SCV x2  
  66  6:15  Orbital Command  
  63  6:22  SCV x2  
  59  6:26  Weapon Refit  
  59  6:27  Engineering Bay  
  59  6:29  Armory  
  39  7:25  Orbital Command  
  26  7:33  Battlecruiser  
  24  7:50  SCV  
  25  7:55  SCV  
  26  8:01  Planetary Fortress  
  26  8:02  SCV  
  27  8:07  SCV, Starport Tech Lab  
  28  8:14  SCV  
  28  8:19  SCV  
  30  8:26  SCV  
  28  8:31  SCV  
  29  8:38  SCV  
  30  8:43  SCV  
  31  8:50  SCV  
  32  8:55  SCV  
  33  9:03  SCV  
  33  9:08  SCV  
  35  9:13  SCV  
  35  9:15  SCV  
  31  9:20  SCV  
  32  9:25  SCV  
  32  9:27  SCV  
  34  9:32  SCV  
  34  9:37  SCV  
  36  9:39  SCV  
  36  9:44  SCV  
  35  9:49  SCV  
  35  9:51  SCV  
  37  9:54  Supply Depot  
  37  9:55  Supply Depot  
  37  9:56  Supply Depot, SCV  
  38  10:00  Starport Tech Lab  
  38  10:01  SCV  
  38  10:03  SCV  
  40  10:08  SCV  
  40  10:13  SCV  
  42  10:15  SCV  
  42  10:20  SCV  
  44  10:25  SCV  
  44  10:26  Refinery  
  44  10:27  SCV, Refinery  
  46  10:32  SCV  
  47  10:38  SCV  
  47  10:39  SCV  
  49  10:44  SCV  
  49  10:45  Battlecruiser  
  56  10:50  SCV  
  56  10:51  SCV  
  56  10:56  SCV  
  59  10:57  Battlecruiser  
  59  11:01  Reaper  
  59  11:02  Reaper, SCV  
  59  11:04  SCV  
  69  11:08  SCV  
  70  11:14  SCV  
  70  11:15  Missile Turret  
  70  11:16  SCV  
  72  11:21  SCV  
  72  11:25  Missile Turret  
  73  11:26  SCV  
  73  11:28  SCV  
  75  11:33  SCV  
  75  11:38  SCV  
  77  11:40  SCV  
  77  11:45  SCV  
  79  11:49  Battlecruiser  
  79  11:52  Terran Ship Weapons Level 1  
  85  11:56  Supply Depot  
  85  11:57  Supply Depot  
  85  11:59  Supply Depot  
  85  12:01  Supply Depot, SCV x3  
  85  12:03  Supply Depot  
  88  12:14  SCV x3  
  91  12:17  Battlecruiser  
  97  12:26  SCV  
  97  13:16  Battlecruiser  
  97  13:17  Siege Tank  
  106  13:25  Factory  
  106  13:26  Factory  
  106  13:29  Factory  
  106  13:30  Factory  
  106  13:32  Command Center  
  100  13:47  Command Center  
  94  14:11  Thor  
  94  14:21  Battlecruiser x2  
  94  14:22  Factory Tech Lab  
  94  14:23  Factory Tech Lab  
  106  14:28  Infernal Pre-Igniter  
  106  14:33  Factory Tech Lab  
  106  14:43  Hellion x2  
  106  14:45  Supply Depot  
  106  14:48  Supply Depot  
  106  14:57  Thor x3  
  106  14:58  Thor  
  130  15:12  Hellion x2, Smart Servos  
  134  15:14  Planetary Fortress  
  134  15:17  Planetary Fortress  
  134  15:20  Missile Turret  
  128  15:41  Missile Turret  
  116  15:46  Thor x3  
  116  15:47  Hellion  
  135  15:53  Hellion  
  131  16:02  Missile Turret  
  89  16:19  Thor  
  84  16:39  Hellion x2  
  64  17:03  Supply Depot  
  64  17:04  Supply Depot  
  64  17:21  Refinery  
  64  17:41  Hellion  
  66  18:05  SCV x3  
  69  18:17  SCV x3  
  72  18:20  Refinery  
  72  18:24  Refinery  
  72  18:29  SCV x3  
  75  18:41  SCV, Refinery  
  76  18:51  SCV  
  76  18:53  Thor, SCV  
  76  18:54  Thor  
  90  18:58  SCV  
  91  19:03  Thor  
  91  19:45  SCV x3  
  94  19:51  Thor  
  100  19:57  SCV  
  101  20:02  Hellion  
  101  20:04  Hellion  
  101  20:14  Supply Depot  
  101  20:15  Supply Depot  
  101  20:22  Thor  
  101  20:23  Supply Depot  
  106  20:32  Thor  
  106  20:35  Thor  
  100  20:46  Thor  
  106  21:01  SCV  
  106  21:02  SCV x2  
  109  21:13  SCV  
  109  21:14  SCV x2  
  112  21:25  SCV  
  112  21:26  SCV x2  
  115  21:34  Raven  
  115  21:36  Thor  
  115  21:37  SCV  
  115  21:38  SCV  
  125  21:50  Hellion x2  
  129  22:17  Command Center  
Tags
 
Add a new tag
Caveats
  • Supply blocks, unpowered buildings, or Contaminate may cause inaccurate times.
  • Supply counts are checked every 10 seconds.